AoeStats
← Nachin

Arabia

508136731Analyzed
2v2 RM · 12d ago on Sep 21, 2026· 39m 50s· 4 players
Game mode
Random Map
Map size
Medium (4 player)
Population
200
Speed
Normal
Resources
Standard
Victory
Conquest
Starting age
Dark Age
Ending age
Imperial Age
RankedLock teamsTeams togetherTeam positionsShared explorationLock speedFull tech treeHidden civsTurbo modeCheats
Victory
Defeat
🇨🇴 Tupi · Colombia
1232
+15
🇵🇦 Persians · Panama
1230
+15
🇺🇾 Turks · Uruguay
1225
-16
🇺🇾 Vietnamese · Uruguay
1189
-14
Nachin
4:37 Loom
10:10 Feudal Age
10:50 Double-Bit Axe
19:38 Arson
22:51 Wheelbarrow
24:30 Town Watch
27:13 Castle Age
27:16 Crossbowman
28:12 Fletching
29:31 Pikeman
34:39 Bodkin Arrow
35:04 Padded Archer Armor
37:01 Leather Archer Armor
38:36 Ballistics
39:13 Scale Mail Armor
TinFit
6:20 Loom
9:09 Feudal Age
9:53 Double-Bit Axe
24:08 Castle Age
22:21 Horse Collar
22:34 Gold Mining
24:01 Fletching
24:23 Padded Archer Armor
25:05 Bodkin Arrow
25:38 Leather Archer Armor
25:35 Bow Saw
26:35 Gold Shaft Mining
27:33 Husbandry
29:35 Bloodlines
35:07 Stone Mining
37:26 Ballistics
Juanfreelance
6:41 Loom
9:00 Feudal Age
9:45 Horse Collar
9:52 Double-Bit Axe
21:18 Castle Age
20:26 Forging
20:21 Scale Barding Armor
21:58 Bloodlines
21:44 Gold Mining
22:57 Husbandry
26:23 Iron Casting
29:20 Chain Barding Armor
32:20 Wheelbarrow
33:08 Hand Cart
33:15 Bow Saw
33:07 Heavy Plow
34:29 Gold Shaft Mining
38:23 Imperial Age
38:15 Cavalier
39:38 Plate Barding Armor
38:28 Light Cavalry
Cafernaun
11:44 Feudal Age
11:55 Champi Runner
13:59 Double-Bit Axe
15:45 Horse Collar
16:20 Loom
20:32 Castle Age
20:57 Gold Mining
20:58 Stone Mining
21:22 Heavy Plow
21:34 Bow Saw
21:34 Heavy Plow
21:15 Pikeman
22:44 Gold Shaft Mining
24:01 Wheelbarrow
25:34 Fletching
26:58 Bodkin Arrow
27:28 Padded Archer Armor
29:29 Ballistics
31:16 Treadmill Crane
35:03 Hand Cart
38:42 Imperial Age
40:50 Two-Man Saw
40:00 Bracer
41:02 Chemistry
40:11 Curare
Connection lost

Rejoining the realm…

Still unreachable

The connection could not be restored.

Session expired

The server has moved on; the page needs a fresh start.